 Dungeon Crawl Stone Soup version 0.28-a0-1616-g050a50673c (webtiles) character file.

Game seed: 17135776714984161808

0 anonymouscript the Sneak (level 1, 0/9 HPs)
             Began as a Spriggan Conjurer on Jan 23, 2022.
             Slain by a quokka (1 damage)
             ... on level 1 of the Dungeon.
             The game lasted 00:00:27 (59 turns).

anonymouscript the Sneak (Spriggan Conjurer)          Turns: 59, Time: 00:00:28

Health: 0/9        AC:  2    Str:  3    XL:     1   Next: 8%
Magic:  0/5        EV: 17    Int: 19    God:
Gold:   4          SH:  0    Dex: 13    Spells: 4/5 levels left

rFire   . . .      SeeInvis +   (weapon restricted)
rCold   . . .      Faith    .   (no shield)
rNeg    . . .      Spirit   .   a - +0 robe
rPois   .          Reflect  .   (helmet restricted)
rElec   .          Harm     .   (no cloak)
rCorr   .          Rampage  .   (gloves unavailable)
Will    .....                   (boots unavailable)
Stlth   ++........              (no amulet)
HPRegen 0.03/turn               (no ring)
MPRegen 0.09/turn               (no ring)

@: very quick
A: very small, no large weapons, unfitting armour, see invisible, speed 3
a: no special abilities


You were on level 1 of the Dungeon.
You visited 1 branch of the dungeon, and saw 1 of its levels.

You collected 4 gold pieces.

Inventory:

Armour
 a - a +0 robe (worn)
Scrolls
 b - a scroll of identify {unknown}
Potions
 c - a potion of magic {unknown}
 d - a potion of heal wounds {unknown}


   Skills:
 + Level 2.6 Dodging
 + Level 3.0 Stealth
 + Level 2.6 Spellcasting
 + Level 3.0 Conjurations


You had 4 spell levels left.
You knew the following spells:

 Your Spells              Type           Power      Damage    Failure   Level
a - Magic Dart            Conj           56%        1d5       4%          1

Your spell library contained the following spells:

 Spells                   Type           Power      Damage    Failure   Level
 Searing Ray              Conj           28%        2d5       7%          2
 Dazzling Flash           Conj/Hex       16%        N/A       26%         3
 Fulminant Prism          Conj/Hex       4%         3d6       63%         4
 Iskenderun's Mystic Bla  Conj/Tloc      8%         2d4       63%         4


Dungeon Overview and Level Annotations

Branches:
Dungeon (1/15)

Altars:


Innate Abilities, Weirdness & Mutations

You are very small and have problems with some larger weapons.
You are too small for most types of armour.
You have supernaturally acute eyesight. (SInv)
You cover ground extremely quickly. (Speed+++)


Message History

The quokka closely misses you.
You completely miss the quokka.
The endoplasm quivers.
The quokka closely misses you.
You closely miss the quokka. The quokka barely misses you.
You hit the quokka but do no damage. The quokka bites you.
Aiming: Magic Dart (safe; 4% risk of failure)
Press: ? - help, Q - select action Shift-Dir - straight line, f - quokka
Aim: a quokka (100% to hit)
The magic dart hits the quokka but does no damage.
The quokka closely misses you.
Aiming: Magic Dart (safe; 4% risk of failure)
Press: ? - help, Q - select action Shift-Dir - straight line, f/p - quokka
Aim: a quokka (100% to hit)
The magic dart hits the quokka.
The quokka is lightly wounded.
The quokka completely misses you. The quokka misses you.
Aiming: Magic Dart (safe; 4% risk of failure)
Press: ? - help, Q - select action Shift-Dir - straight line, f/p - quokka
Aim: a quokka (lightly wounded, 100% to hit)
The magic dart hits the quokka but does no damage.
The quokka is lightly wounded.
The quokka misses you.
Aiming: Magic Dart (safe; 4% risk of failure)
Press: ? - help, Q - select action Shift-Dir - straight line, f/p - quokka
Aim: a quokka (lightly wounded, 100% to hit)
The magic dart hits the quokka.
The quokka is severely wounded.
The endoplasm freezes you.
You are frozen.
Ouch! That really hurt!
* * * LOW HITPOINT WARNING * * *
The quokka completely misses you.
Aiming: Magic Dart (safe; 4% risk of failure)
Press: ? - help, Q - select action Shift-Dir - straight line, f/p - quokka
Aim: a quokka (severely wounded, 100% to hit)
The magic dart hits the quokka.
The quokka is almost dead.
The frilled lizard misses you. The endoplasm misses you. The quokka bites you.
You die...

#...............#
#
#...............#
#...............#
#...............#
#.######...#.#+##
#.####.....#...
#..........#.###
#..........#.#
#..!@......###
#[.rJl.....#
#..........#
#..........#
#..........#
#..........#
...........#
.............


You could see an endoplasm, a quokka and a frilled lizard.

Vanquished Creatures
  A frilled lizard (D:1)
1 creature vanquished.

Notes
Turn   | Place    | Note
-------+----------+-------------------------------------------
     0 | D:1      | anonymouscript the Spriggan Conjurer began the quest for
                  | the Orb.
     0 | D:1      | Reached XP level 1. HP: 9/9 MP: 5/5
    59 | D:1      | Slain by a quokka

Illustrated notes

Levels and vault maps discovered:
D:1:      kennysheep_arrival_seaside, layout_basic

Skill      XL: |  1 |
---------------+----+-----
Conjurations   | 3 |  3.0
Dodging        | |  2.6
Stealth        | |  3.0
Spellcasting   | |  2.6

Action                   || total
-------------------------++-------
Melee: Unarmed           ||     4
 Cast: Magic Dart        ||     7
Dodge: Dodged            ||    11

Table legend: (Time is in decaauts)
 A = Elapsed time spent in this place.
 B = Non-inter-level travel time spent in this place.
 C = Inter-level travel time spent in this place.
 D = Time resting spent in this place.
 E = Time spent auto-exploring this place.
 F = Levels seen in this place.
 G = Mean time per level.
                   A        B        C        D        E       F      G
               +--------+--------+--------+--------+--------+-----+--------+
         Total |     41 |     41 |      0 |      0 |     13 |   1 |   41.0 |
       Dungeon |     41 |     41 |      0 |      0 |     13 |   1 |   41.0 |
               +--------+--------+--------+--------+--------+-----+--------+

Top non-repeatable levels by time:
     D:1: 41 daAuts
